 Dungeon Crawl Stone Soup version 0.29-a0-322-g68df515428 (webtiles) character file.

Game seed: 1146589100051422024

43 zishaf the Skirmisher (level 3, -3/40 HPs)
             Began as an Ogre Chaos Knight on Apr 5, 2022.
             Was a Plaything of Xom.
             Slain by a gnoll
             ... wielding a +0 spear
              (6 damage)
             ... on level 2 of the Dungeon.
             The game lasted 00:02:02 (1764 turns).

zishaf the Skirmisher (Ogre Chaos Knight)           Turns: 1764, Time: 00:02:03

Health: -3/40      AC:  9    Str: 18    XL:     3   Next: 58%
Magic:  5/5        EV:  9    Int: 13    God:    Xom [......]
Gold:   71         SH:  0    Dex:  8    Spells: 5/5 levels left

rFire   . . .      SeeInvis .   a - +0 mace (chaos)
rCold   . . .      Faith    .   (no shield)
rNeg    . . .      Spirit   .   b - +2 robe
rPois   .          Reflect  .   (helmet restricted)
rElec   .          Harm     .   j - scarf {shadows}
rCorr   .          Rampage  .   (gloves unavailable)
Will    .....                   (boots unavailable)
Stlth   +.........              (no amulet)
HPRegen 0.13/turn               k - +4 ring of protection
MPRegen 0.09/turn               (no ring)

@: no status effects
A: large, unfitting armour, tough skin 1
a: Renounce Religion


You were on level 2 of the Dungeon.
You worshipped Xom.
You were a very special plaything of Xom.
You visited 1 branch of the dungeon, and saw 2 of its levels.

You collected 71 gold pieces.

Inventory:

Hand Weapons
 a - a +0 mace of chaos (weapon)
Armour
 b - a +2 robe (worn)
 f - an orb of mayhem
 j - a scarf of shadows (worn)
Jewellery
 k - a +4 ring of protection (left hand)
Scrolls
 d - 2 scrolls of immolation {unknown}
 i - a scroll of identify {unknown}
 l - a scroll of teleportation {unknown}
 o - a scroll of holy word {unknown}
Potions
 g - a potion of haste {unknown}
 h - a potion of invisibility {unknown}
 m - a potion of heal wounds {unknown}
 n - a potion of brilliance {unknown}
Miscellaneous
 c - a piece from Xom's chessboard (15/15) (quivered)


   Skills:
 + Level 4.7 Fighting
 + Level 3.2 Maces & Flails
 - Level 2.1 Dodging
 + Level 1.7 Spellcasting


You had 5 spell levels left.
You didn't know any spells.
Your spell library contained the following spells:

 Spells                   Type           Power      Damage    Failure   Level
 Sting                    Tmut/Pois      4%         1d3       26%         1
 Poisonous Vapours        Pois/Air       2%         N/A       36%         2
 Olgreb's Toxic Radiance  Pois           1%         N/A       95%         4


Dungeon Overview and Level Annotations

Branches:
Dungeon (2/15)

Altars:


Innate Abilities, Weirdness & Mutations

You are too large for most types of armour.
You have tough skin. (AC +1)


Message History

You swap places.
The bat closely misses the goblin.
The bat closely misses the gnoll.
The gnoll closely misses you.
You swap places.
The bat hits the goblin.
The gnoll hits you but does no damage.
The gnoll hits you with a +1 spear of venom.
* * * LOW HITPOINT WARNING * * *
You sock the gnoll!
Space warps around the gnoll.
You kill the gnoll!
The gnoll barely misses you.
You swap places.
The gnoll hits your butterfly with a +0 spear!
Your butterfly dies!
Your butterfly degenerates into a cloud of primal chaos!
You swap places.
You swap places.
You see here a +1 spectral quarterstaff.
You swap places.
The gnoll misses your butterfly.
The gnoll completely misses your butterfly.
Something completely misses your butterfly.
Your butterfly disappears in a puff of smoke!
You start removing your armour.
You continue taking off your orb of mayhem. x3 "Let's try an experiment, hmmm?"
A monocle briefly appears over your right eye.
The gnoll hits you but does no damage.
You continue taking off your orb of mayhem.
The gnoll hits you from afar with a +0 spear.
* * * LOW HITPOINT WARNING * * *
You finish taking off your orb of mayhem.
The gnoll hits you with a +0 spear.
* * * LOW HITPOINT WARNING * * *
You are too injured to fight recklessly!
You hit the gnoll.
The gnoll is lightly wounded.
The gnoll barely misses you.
You hit the gnoll.
The gnoll is poisoned.
The gnoll is moderately wounded.
The gnoll hits you with a +0 spear.
You die...

#..).g......b...# #........##.
#.####.....####.#####........##.
#.#...b....#.................##.
#g#.#......#.................##.
#)# #......#..........#########.
#g# #......#........>.# #. #)#
#.######...g......# ## .....#.
####g############### .....# #@#
#.......<.# .....#
######.#####.........# .....#
.....................# .....#
#####................# ##.#.#
...........#########
....######### ..... #.... #...


You could see a gnoll (very poisoned) and a goblin.

Vanquished Creatures
  2 gnolls (D:2)
  A dart slug (D:2)
  5 endoplasms (D:1)
  A goblin (D:2)
  2 hobgoblins (D:1)
  2 ball pythons
  2 bats
  4 kobolds
  2 rats (D:1)
21 creatures vanquished.

Vanquished Creatures (others)
  A bat (D:2)
1 creature vanquished.

Grand Total: 22 creatures vanquished

Notes
Turn   | Place    | Note
-------+----------+-------------------------------------------
     0 | D:1      | zishaf the Ogre Chaos Knight began the quest for the Orb.
     0 | D:1      | Reached XP level 1. HP: 24/24 MP: 1/1
   153 | D:1      | Found a faded altar of an unknown god.
   355 | D:1      | XOM: silly message
   362 | D:1      | Reached XP level 2. HP: 8/32 MP: 1/3
   614 | D:1      | Reached skill level 1 in Spellcasting
  1350 | D:1      | XOM: divination: magic mapping
  1362 | D:1      | XOM: silly message
  1536 | D:2      | XOM: silly message
  1627 | D:2      | XOM: noise
  1721 | D:2      | Reached XP level 3. HP: 3/40 MP: 5/5
  1726 | D:2      | XOM: scenery: summon butterflies
  1760 | D:2      | XOM: silly message
  1764 | D:2      | Slain by a gnoll

Illustrated notes

Levels and vault maps discovered:
D:1:      evilmike_arrival_home_sweet_home, layout_basic,
          ebering_ecumenical_altar_petrified, chequers_serial_rivers_micro_b
D:2:      layout_basic

Skill      XL: |  1  2 |
---------------+-------+-----
Spellcasting   | 1 |  1.7
Maces & Flails | 3 |  3.2
Fighting       | |  4.7
Dodging        | |  2.1

Action                   || total
-------------------------++-------
Melee: Mace              ||    50
  Use: Potion            ||     2
Armor: Robe              ||    29
Dodge: Dodged            ||    36

Table legend: (Time is in decaauts)
 A = Elapsed time spent in this place.
 B = Non-inter-level travel time spent in this place.
 C = Inter-level travel time spent in this place.
 D = Time resting spent in this place.
 E = Time spent auto-exploring this place.
 F = Levels seen in this place.
 G = Mean time per level.
                   A        B        C        D        E       F      G
               +--------+--------+--------+--------+--------+-----+--------+
         Total |   1775 |   1755 |     20 |     84 |   1423 |   2 |  887.5 |
       Dungeon |   1775 |   1755 |     20 |     84 |   1423 |   2 |  887.5 |
               +--------+--------+--------+--------+--------+-----+--------+

Top non-repeatable levels by time:
     D:1: 1450 daAuts
     D:2: 325 daAuts
